 Dungeon Crawl Stone Soup version 0.21.1-1-g345015f (webtiles) character file.

6749 wojtek the Arsonist (level 10, -4/63 HPs)
             Began as a Demonspawn Fire Elementalist on Mar 25, 2018.
             Was a Believer of Vehumet.
             Slain by a killer bee (9 damage)
             ... on level 8 of the Dungeon.
             The game lasted 00:21:19 (14155 turns).

wojtek the Arsonist (Demonspawn Fire Elementalist) Turns: 14155, Time: 00:21:20

Health: -4/63      AC:  2    Str:  9    XL:     10   Next: 75%
Magic:  15/18      EV: 15    Int: 24    God:    Vehumet [**....]
Gold:   523        SH:  0    Dex: 14    Spells: 12/20 levels left

rFire    . . .     SeeInvis .   y - +2 flail (protect)
rCold    . . .     Gourm    .   (no shield)
rNeg     . . .     Faith    .   a - +0 robe
rPois    .         Spirit   .   (helmet unavailable)
rElec    .         Reflect  .   (no cloak)
rCorr    .         Harm     .   (gloves unavailable)
MR       .....                  (no boots)
Stlth    ++........             (no amulet)
HPRegen  0.20/turn              (no ring)
MPRegen  0.16/turn              (no ring)

@: brilliant, lethally poisoned (-4 -> -12), about to teleport
A: claws 3, hooves 1, horns 3
a: Renounce Religion


You were on level 8 of the Dungeon.
You worshipped Vehumet.
Vehumet was pleased with you.
You were not hungry.

You visited 1 branch of the dungeon, and saw 9 of its levels.

You collected 523 gold pieces.

Inventory:

Hand Weapons
 y - a +2 flail of protection (weapon)
 C - the +10 hunting sling "Xoez" {velocity, MR++ Str+4 Int-4 Dex+3, unknown}
   (You found it on level 8 of the Dungeon)

   Any stone fired from it inflicts extra damage.
   It affects your strength (+4).
   It affects your intelligence (-4).
   It affects your dexterity (+3).
   It affects your resistance to hostile enchantments.
Missiles
 u - a throwing net (quivered)
Armour
 a - a +0 robe (worn)
 F - a +0 buckler
Jewellery
 n - an uncursed ring of protection from fire {unknown}
Wands
 q - a wand of clouds (5)
 v - a wand of disintegration (8)
 w - a wand of random effects (31)
Scrolls
 d - 2 scrolls of fear {unknown}
 g - 12 scrolls of identify {unknown}
 h - 8 scrolls of teleportation
 i - 2 scrolls of amnesia {unknown}
 o - 2 scrolls of enchant weapon {unknown}
 p - 2 scrolls of remove curse {unknown}
 r - 4 scrolls of enchant armour {unknown}
 A - a scroll of magic mapping {unknown}
 B - a scroll of blinking {unknown}
Potions
 f - 5 potions of brilliance
 j - 2 potions of invisibility {unknown}
 k - 3 potions of might
 l - a potion of cancellation {unknown}
 m - 2 potions of curing
 s - 2 potions of degeneration {unknown}
 t - 4 potions of heal wounds {unknown}
 x - a potion of flight {unknown}
 E - a potion of agility {unknown}
Books
 b - a book of Flames

   Spells                             Type                      Level
   a - Flame Tongue                   Conjuration/Fire             1
   b - Throw Flame                    Conjuration/Fire             2
   c - Conjure Flame                  Conjuration/Fire             3
   d - Inner Flame                    Hexes/Fire                   3
   e - Sticky Flame                   Conjuration/Fire             4
   f - Fireball                       Conjuration/Fire             5
 e - a book of Conjurations

   Spells                             Type                      Level
   a - Magic Dart                     Conjuration                  1
   b - Searing Ray                    Conjuration                  2
   c - Dazzling Spray                 Conjuration/Hexes            3
   d - Fulminant Prism                Conjuration/Hexes            4
   e - Force Lance                    Conjuration/Translocation    4
   f - Iskenderun's Mystic Blast      Conjuration                  4
 z - a book of Changes

   Spells                             Type                      Level
   a - Beastly Appendage              Transmutation                1
   b - Sticks to Snakes               Transmutation                2
   c - Spider Form                    Transmutation/Poison         3
   d - Ice Form                       Ice/Transmutation            4
   e - Blade Hands                    Transmutation                5
Comestibles
 c - 17 rations
 D - 3 chunks of flesh


   Skills:
 + Level 5.8 Dodging
 - Level 1.7 Stealth
 + Level 5.8 Spellcasting
 + Level 8.5 Conjurations
 + Level 10.7 Fire Magic


You had 12 spell levels left.
You knew the following spells:

 Your Spells              Type           Power        Failure   Level  Hunger
a - Flame Tongue          Conj/Fire      #####        1%          1    None
b - Conjure Flame         Conj/Fire      ######..     1%          3    #......
c - Sticky Flame          Conj/Fire      ######..     1%          4    ###....


Dungeon Overview and Level Annotations

Branches:
Dungeon (9/15)             Temple (0/1) D:5
   Lair: D:8-11         Orc: D:9-12

Altars:
Ashenzari
Dithmenos
Fedhas
Gozag
Hepliaklqana
Kikubaaqudgha
Makhleb
Nemelex Xobeh
Ru
Vehumet
Wu Jian

Shops:
D:5 :   D:6 ==

Annotations:
D:2 exclusion: oklob plant


Innate Abilities, Weirdness & Mutations

You have claws for hands.
You have large cloven feet.
You have a pair of large horns on your head.


Message History

There is a stone staircase leading down here.
Unknown command.
Unknown command.
Unknown command.
Unknown command.
Unknown command.
Unknown command.
It was a potion of brilliance.
You feel clever all of a sudden.
* * * LOW HITPOINT WARNING * * *
You feel sick.
The killer bee burns!
You kill the killer bee!
Vehumet accepts your kill.
You feel your power returning. The killer bee misses you. x2
The killer bee barely misses you.
As you read the scroll of teleportation, it crumbles to dust.
You feel strangely unstable.
* * * LOW HITPOINT WARNING * * *
You feel sick. The killer bee stings you!
You die...

#..............#
#.#.##########.# ...##
#.# ############## #.##
#.# #............. #.#
#.# #.#.......#### #.#
#####.# #.#.#####.#
##########.)...# #.#.#
#.#
.......)(..###†#####.#.#
#.# ......##'###
#yy@yy.[..# #.#
...####..# ###########
#.# .###.....# #.# #
##.......# #.# #
#.....#..# #.# #
#..[###..# #.# # ..)##
#..# #.# # ..#####..#
#.# # ......#..# #.# #


You could see 4 killer bees.

Vanquished Creatures
  Erica (D:8)
  2 two-headed ogres (D:8)
  A tengu conjurer (D:8)
  Grinder (D:3)
  A hippogriff (D:8)
  Sigmund (D:2)
  A wyvern (D:8)
  A yak (D:7)
  3 hogs
  A human (D:7)
  Edmund (D:6)
  A hungry ghost (D:8)
  2 orc warriors
  3 ice beasts
  2 sky beasts
  A phantom (D:8)
  3 ogres
  Blork the orc (D:4)
  A big kobold (D:8)
  2 bullfrogs (D:6)
  3 scorpions
  4 killer bees (D:8)
  5 crimson imps
  A bullfrog zombie (D:8)
  2 quasits (D:8)
  3 jellies
  6 orc priests
  2 hounds
  A gnoll shaman (D:8)
  5 orc wizards
  An iguana (D:6)
  Jessica (D:2)
  Ijyb (D:3)
  Natasha (thrice) (D:3)
  2 worker ants (D:8)
  A worker ant zombie (D:8)
  Robin (D:1)
  12 gnolls
  14 adders
  A shadow imp (D:6)
  A white imp (D:7)
  2 adder skeletons
  4 worms
  A dart slug (D:2)
  5 leopard geckos
  23 orcs
  A ball python (D:1)
  8 giant cockroaches
  17 goblins
  12 hobgoblins
  20 jackals
  5 kobolds
  A quokka (D:7)
  12 bats
  2 frilled lizards
  A giant cockroach zombie (D:5)
  A quokka skeleton (D:6)
  5 rats
220 creatures vanquished.

Notes
Turn   | Place    | Note
-------+----------+-------------------------------------------
     0 | D:1      | wojtek the Demonspawn Fire Elementalist began the quest for the Orb.
     0 | D:1      | Reached XP level 1. HP: 13/13 MP: 3/3
    70 | D:1      | Reached skill level 3 in Fire Magic
    92 | D:1      | Gained mutation: You have large cloven feet. [demonic ancestry]
    92 | D:1      | Reached XP level 2. HP: 10/19 MP: 0/5
   823 | D:1      | Gained mutation: You have a pair of small horns on your head. [demonic ancestry]
   823 | D:1      | Reached XP level 3. HP: 12/24 MP: 0/6
  1075 | D:1      | Reached skill level 4 in Fire Magic
  1655 | D:2      | Noticed Robin
  1667 | D:1      | Killed Robin
  1960 | D:2      | Reached XP level 4. HP: 28/30 MP: 2/7
  2399 | D:2      | Noticed Jessica
  2506 | D:2      | Reached skill level 5 in Fire Magic
  2723 | D:2      | Found an ornate altar of the Wu Jian Council.
  2723 | D:2      | Found a hazy altar of Hepliaklqana.
  2724 | D:2      | Found a sparkling altar of Nemelex Xobeh.
  2728 | D:2      | Killed Jessica
  2728 | D:2      | Gained mutation: You have a pair of horns on your head. [demonic ancestry]
  2728 | D:2      | Reached XP level 5. HP: 35/35 MP: 5/8
  3157 | D:2      | Found a shadowy altar of Dithmenos.
  3196 | D:2      | Found a burning altar of Makhleb.
  3266 | D:2      | Noticed Sigmund
  3278 | D:2      | Killed Sigmund
  3278 | D:2      | Reached skill level 6 in Fire Magic
  3278 | D:2      | Gained mutation: You have sharp fingernails. [demonic ancestry]
  3278 | D:2      | Reached XP level 6. HP: 15/41 MP: 1/9
  3479 | D:2      | Found a blossoming altar of Fedhas.
  3494 | D:2      | Noticed an oklob plant
  3738 | D:3      | Learned a level 4 spell: Sticky Flame
  3837 | D:3      | Noticed Grinder
  3851 | D:3      | Killed Grinder
  3851 | D:3      | Reached skill level 7 in Fire Magic
  3851 | D:3      | Reached XP level 7. HP: 31/46 MP: 1/10
  3959 | D:3      | Learned a level 3 spell: Conjure Flame
  3979 | D:3      | Noticed Ijyb
  3993 | D:3      | Killed Ijyb
  4316 | D:3      | Noticed Natasha
  4321 | D:3      | Killed Natasha
  4549 | D:3      | Noticed Natasha
  4562 | D:3      | Killed Natasha
  5056 | D:3      | Found a radiant altar of Vehumet.
  5432 | D:3      | Became a worshipper of Vehumet
  5492 | D:3      | Noticed Natasha
  5496 | D:3      | Killed Natasha
  5513 | D:4      | Noticed Blork the orc
  5521 | D:4      | Killed Blork the orc
  5521 | D:4      | Reached skill level 8 in Fire Magic
  6323 | D:5      | Entered Level 5 of the Dungeon
  6385 | D:5      | Found an ancient bone altar of Kikubaaqudgha.
  6457 | D:5      | Found a staircase to the Ecumenical Temple.
  6540 | D:5      | Gained mutation: You have a pair of large horns on your head. [demonic ancestry]
  6540 | D:5      | Reached XP level 8. HP: 42/52 MP: 2/11
  6905 | D:5      | Found a sparkling altar of Nemelex Xobeh.
  7037 | D:5      | Found Ymojeamp's Book Shoppe.
  7362 | D:6      | Found Ablom Eto's Jewellery Emporium.
  7597 | D:6      | Reached * piety under Vehumet
  7597 | D:6      | Offered knowledge of Sandblast by Vehumet.
  7995 | D:6      | Noticed Edmund
  8237 | D:6      | Killed Edmund
  8237 | D:6      | Reached skill level 5 in Conjurations
  8237 | D:6      | Reached skill level 9 in Fire Magic
  8449 | D:6      | Found Dafiase's Jewellery Emporium.
  9326 | D:7      | Gained mutation: You have very sharp fingernails. [demonic ancestry]
  9326 | D:7      | Reached XP level 9. HP: 57/57 MP: 9/12
 11059 | D:8      | Found an opulent altar of Gozag.
 11059 | D:8      | Found a faded altar of an unknown god.
 11106 | D:8      | Found a sacrificial altar of Ru.
 11108 | D:8      | Got a jewelled hunting sling
 11111 | D:8      | Found a shattered altar of Ashenzari.
 11112 | D:8      | Found a faded altar of an unknown god.
 11321 | D:8      | Noticed a two-headed ogre
 11437 | D:8      | Killed a two-headed ogre
 11437 | D:8      | Reached skill level 10 in Fire Magic
 12086 | D:7      | Gained mutation: You have claws for hands. [demonic ancestry]
 12086 | D:7      | Reached XP level 10. HP: 38/63 MP: 9/16
 12371 | D:8      | Noticed Erica
 12380 | D:8      | Killed Erica
 12468 | D:8      | Reached skill level 5 in Spellcasting
 12546 | D:8      | Reached skill level 5 in Dodging
 12576 | D:8      | Reached ** piety under Vehumet
 12576 | D:8      | Offered knowledge of Sting by Vehumet.
 13421 | D:8      | Noticed a two-headed ogre
 13437 | D:8      | Killed a two-headed ogre
 14155 | D:8      | Slain by a killer bee

Skill      XL: |  1  2  3  4  5  6  7  8  9 10 |
---------------+-------------------------------+-----
Fire Magic     | 3 4 5 6 7 8 9 10 | 10.7
Conjurations   | 3 6 7 8 |  8.5
Dodging        | 2 4 5 |  5.8
Spellcasting   | 4 5 |  5.8
Stealth        | |  1.7

Action                   |  1- 3 |  4- 6 |  7- 9 | 10-12 || total
-------------------------+-------+-------+-------+-------++-------
Melee: Unarmed           |     9 |       |       |       ||     9
       Club              |    85 |    39 |   109 |       ||   233
       Kick              |    15 |     3 |    28 |     7 ||    53
       Headbutt          |     8 |     2 |    21 |     6 ||    37
       Flail             |       |       |    57 |    29 ||    86
 Cast: Flame Tongue      |    59 |    66 |   140 |    39 ||   304
       Sticky Flame      |       |     2 |    47 |    27 ||    76
       Conjure Flame     |       |       |     5 |       ||     5
  Use: Scroll            |       |       |     1 |     1 ||     2
       Potion            |       |       |       |     1 ||     1
 Stab: Sleeping          |     1 |       |     1 |       ||     2
  Eat: Chunk             |     4 |     7 |    25 |     7 ||    43
       Ration            |       |       |     4 |     1 ||     5
Armor: Robe              |    46 |    20 |    80 |    15 ||   161
Dodge: Dodged            |    99 |    49 |   195 |   101 ||   444
